 Dungeon Crawl Stone Soup version 0.13-a0-2531-g2ad9301 (webtiles) character file.

458 Kae the Ruinous (level 7, -1/36 HPs)
             Began as a Tengu Fire Elementalist on July 26, 2013.
             Was an Initiate of Vehumet.
             Slain by an orc warrior
             ... wielding a +0,+0 orcish halberd
              (17 damage)
             ... on Level 6 of the Dungeon.
             The game lasted 00:11:06 (5898 turns).

Kae the Ruinous (Tengu Fire Elementalist)           Turns: 5898, Time: 00:11:06

HP  -1/36        AC  3     Str  8      XL: 7   Next:  1%
MP   1/16        EV 12     Int 17      God: Vehumet [......]
Gold 19          SH  0     Dex 15      Spells:  4 memorised,  2 levels left

Res.Fire  : . . .   See Invis. : .   w - +1 falchion
Res.Cold  : . . .   Warding    : .   a - +0 robe
Life Prot.: . . .   Conserve   : .   (no shield)
Res.Poison: +       Res.Corr.  : .   (helmet restricted)
Res.Elec. : .       Clarity    : .   (no cloak)
Sust.Abil.: . .     Spirit.Shd : .   s - +0 pair of gloves
Res.Mut.  : .       Stasis     : .   (boots unavailable)
Res.Rott. : .       Flight     : .   (no amulet)
Saprovore : . . .                    C - ring of poison resistance
                                     (no ring)

@: slightly resistant to hostile enchantments, fairly stealthy
A: able to fly, beak, talons 3
a: Fly, Renounce Religion


You were on level 6 of the Dungeon.
You worshipped Vehumet.
Vehumet was pleased with you.
You were near starving.

You visited 2 branches of the dungeon, and saw 7 of its levels.

You collected 313 gold pieces.
You spent 314 gold pieces at shops.

Inventory:

Hand weapons
 w - a +1,+1 falchion (weapon)
Armour
 a - a +0 robe (worn)
 s - a +0 pair of gloves (worn)
Magical devices
 v - a wand of disintegration (20)
Comestibles
 c - 5 bread rations
 m - a choko
 n - 2 apples
 q - 6 meat rations
 u - a lemon
Scrolls
 d - 7 scrolls of remove curse
 e - 2 scrolls of noise
 g - 2 scrolls of enchant weapon I
 h - 7 scrolls of identify
 i - a scroll of fog
 k - 2 scrolls of teleportation
 p - a scroll of immolation
 r - a scroll of enchant armour {unknown}
 A - 2 scrolls of blinking
Jewellery
 C - a ring of poison resistance (right hand)
Potions
 f - 4 potions of curing
 j - 2 potions of brilliance
 l - a potion of poison
 o - a potion of speed
 t - a potion of invisibility
 x - a potion of agility
 z - 2 potions of might
 B - a potion of restore abilities
 D - a potion of paralysis {unknown}
Books
 b - a book of Flames

   Spells                             Type                      Level
   *Flame Tongue                      Conjuration/Fire             1
   *Throw Flame                       Conjuration/Fire             2
   *Conjure Flame                     Conjuration/Fire             3
   Inner Flame                        Hexes/Fire                   3
   *Sticky Flame                      Conjuration/Fire             4
   Fireball                           Conjuration/Fire             5
 y - a book of Envenomations

   Spells                             Type                      Level
   Spider Form                        Transmutation/Poison         3
   Poison Weapon                      Charms/Poison                3
   Summon Scorpions                   Summoning/Poison             4
   Olgreb's Toxic Radiance            Poison                       4
   Poisonous Cloud                    Conjuration/Poison/Air       6


   Skills:
 - Level 2.1 Dodging
 - Level 2.0 Stealth
 + Level 3.3 Spellcasting
 * Level 6.5 Conjurations
 + Level 4.9 Fire Magic


You had 2 spell levels left.
You knew the following spells:

 Your Spells              Type           Power        Failure   Level  Hunger
a - Flame Tongue          Conj/Fire      ###..        1%          1    None
b - Throw Flame           Conj/Fire      ###...       2%          2    ##.....
c - Conjure Flame         Conj/Fire      ###.....     6%          3    ###....
d - Sticky Flame          Conj/Fire      ###.....     17%         4    ####...


Dungeon Overview and Level Annotations

Branches:
Dungeon (6/27)             Temple (1/1) D:4
    Orc: D:6-11

Altars:
Ashenzari
Elyvilon
Fedhas
Makhleb
Okawaru
Sif Muna
Trog
Vehumet
Xom
Yredelemnul
the Shining One

Shops:
D:4: ? D:5: ?((%* D:6: =


Innate Abilities, Weirdness & Mutations

You can fly.
You have a beak for a mouth.
You have claws for feet.


Message History

You hit the orc wizard but do no damage.
The orc wizard is almost dead.
The orc wizard barely misses you. The orc wizard casts a spell at you.
The puff of flame hits you!
You closely miss the orc wizard. Your peck misses the orc wizard.
The orc wizard is almost dead.
The orc wizard hits you with an orcish dagger.
The orc wizard casts a spell at you. The puff of flame misses you.
You barely miss the orc wizard. Your kick misses the orc wizard.
The orc wizard is almost dead.
The orc wizard hits you with an orcish dagger.
The orc warrior barely misses you. The orc wizard barely misses you.
An orc comes into view. It is wielding an orcish trident.
You closely miss the orc wizard.
The orc wizard is almost dead.
The orc wizard hits you with an orcish dagger.
The orc warrior hits you from afar with an orcish halberd!
You die...

############ #...#........
##.#.........#
#...@.........
#.#.o..........
#.#..#o#####.. #.#..#.#
#.#..#.#
##.#.#.∩.o#.###########.#
.........)).....§oo.......
...#......#.#####...###.#
# ########.# ...#


You could see an orc warrior, an orc wizard and an orc.

Vanquished Creatures
  4 hounds
  An orc priest (D:4)
  2 orc wizards
  2 worker ants (D:5)
  2 jellies
  4 adders
  A giant mite (D:3)
  A giant eyeball (D:5)
  7 orcs
  9 bats
  4 giant cockroaches
  7 goblins
  7 hobgoblins
  8 kobolds
  2 quokkas
  A ball python (D:2)
  3 giant geckos
  5 giant newts
  A hobgoblin zombie (D:5)
  13 jackals
  A kobold skeleton (D:5)
  8 rats
  A rat skeleton (D:4)
94 creatures vanquished.

Notes
Turn   | Place    | Note
--------------------------------------------------------------
     0 | D:1      | Kae, the Tengu Fire Elementalist, began the quest for the Orb.
     0 | D:1      | Reached XP level 1. HP: 10/10 MP: 3/3
   568 | D:1      | Reached XP level 2. HP: 15/15 MP: 3/5
   943 | D:1      | Learned a level 2 spell: Throw Flame
  1379 | D:2      | Reached XP level 3. HP: 12/19 MP: 1/7
  1964 | D:2      | Reached XP level 4. HP: 24/24 MP: 9/9
  2886 | D:3      | Reached skill level 4 in Fire Magic
  3710 | D:4      | Found Cujonauw's Magic Scroll Emporium.
  3717 | D:4      | Reached XP level 5. HP: 21/28 MP: 6/12
  3937 | D:4      | Bought a scroll of blinking for 66 gold pieces
  3937 | D:4      | Bought a scroll of identify for 24 gold pieces
  3937 | D:4      | Bought a scroll of remove curse for 36 gold pieces
  4279 | D:4      | Reached skill level 5 in Conjurations
  4394 | D:4      | Found a staircase to the Ecumenical Temple.
  4411 | D:4      | Reached XP level 6. HP: 32/32 MP: 9/14
  4468 | Temple   | Entered the Ecumenical Temple
  4509 | Temple   | Became a worshipper of Vehumet
  4846 | D:5      | Entered Level 5 of the Dungeon
  4846 | D:5      | Found Shaome's Antique Weapon Emporium.
  5117 | D:5      | Found Cauzaiwi's General Store.
  5123 | D:5      | Bought a scroll of teleportation for 45 gold pieces
  5123 | D:5      | Bought a scroll of immolation for 15 gold pieces
  5123 | D:5      | Bought a scroll of identify for 30 gold pieces
  5123 | D:5      | Bought a scroll of identify for 30 gold pieces
  5153 | D:5      | Reached skill level 6 in Conjurations
  5216 | D:5      | Found a glowing golden altar of the Shining One.
  5216 | D:5      | Found a shimmering altar of Xom.
  5217 | D:5      | Found a blossoming altar of Fedhas.
  5231 | D:5      | Found Cesip's Food Shoppe.
  5239 | D:5      | Bought an apple for 8 gold pieces
  5244 | D:5      | Found Iliq's Antique Weapon Boutique.
  5442 | D:5      | Found Kligh's Magic Scroll Shoppe.
  5453 | D:5      | Bought a scroll of identify for 30 gold pieces
  5453 | D:5      | Bought a scroll of identify for 30 gold pieces
  5835 | D:5      | Learned a level 3 spell: Conjure Flame
  5840 | D:5      | Learned a level 4 spell: Sticky Flame
  5841 | D:6      | Found Ypack's Jewellery Shop.
  5864 | D:6      | Reached XP level 7. HP: 34/36 MP: 5/16
  5898 | D:6      | Slain by an orc warrior

Action                   |  1- 3 |  4- 6 |  7- 9 || total
-------------------------+-------+-------+-------++-------
Melee: Unarmed           |    30 |    12 |       ||    42
       Falchion          |       |    21 |     7 ||    28
 Cast: Flame Tongue      |    60 |   139 |     8 ||   207
       Throw Flame       |       |    11 |     1 ||    12
       Conjure Flame     |       |     1 |       ||     1
 Abil: Fly               |       |     1 |       ||     1
  Use: Scroll            |       |    17 |       ||    17
